 Dungeon Crawl Stone Soup version 0.18.1-6-gd335043 (webtiles) character file.

8765 FitzyFitz the Archer (level 10, -2/83 HPs)
             Began as a Demigod Hunter on May 17, 2016.
             Slain by an unseen horror (7 damage)
             ... on level 10 of the Dungeon on May 18, 2016.
             The game lasted 00:57:21 (15523 turns).

FitzyFitz the Archer (Demigod Hunter)              Turns: 15523, Time: 00:57:22

Health: -2/83      AC: 13    Str: 15    XL:     10   Next: 91%
Magic:  13/13      EV: 14    Int: 17    God:
Gold:   509        SH:  0    Dex: 20    Spells: 0 memorised, 9 levels left

rFire  + . .     SeeInvis .     b - +0 longbow
rCold  . . .     Gourm    +     z - +2 ring mail {rF+}
rNeg   . . .     Faith    .     (shield currently unavailable)
rPois  .         Spirit   .     O - +2 helmet
rElec  .         Dismiss  .     I - +0 cloak
rCorr  .         Reflect  .     (no gloves)
SustAt +         Harm     .     (no boots)
MR     +....                    V - amulet of the gourmand
Stlth  ++........               i - +3 ring of slaying
                                r - ring of loudness (curse)

@: very slightly contaminated, hasted, very quick, somewhat resistant to hostile
enchantments, unstealthy
A: high mp 1, sustain attributes
a: no special abilities


You were on level 10 of the Dungeon.
You were completely stuffed.

You visited 2 branches of the dungeon, and saw 11 of its levels.

You collected 661 gold pieces.
You spent 152 gold pieces at shops.

Inventory:

Hand Weapons
 a - a +0 lajatang
 b - a +0 longbow (weapon)
 c - a +1 hunting sling of flaming
 n - a +0 war axe
 s - a +1 shortbow
 A - a +2 dagger of venom
 E - a +0 long sword
 H - a +2 quarterstaff of chaos
 J - a +0 quarterstaff
 L - a +0 broad axe
 P - a +0 rapier
 S - a +3 whip of electrocution
Missiles
 d - 243 arrows (quivered)
 e - 209 stones
 k - 37 sling bullets
 t - 108 bolts
 C - 7 javelins
Armour
 g - a +0 scale mail
 u - a +0 leather armour
 z - a +2 ring mail of fire resistance (worn)
 F - the +4 scale mail "Uckut" {-Tele rN+ Int+5}
   (You found it on level 4 of the Dungeon)

   It affects your intelligence (+5).
   It protects you from negative energy.
   It prevents most forms of teleportation.
 I - a +0 cloak (worn)
 O - a +2 helmet (worn)
Jewellery
 i - a +3 ring of slaying (right hand)
 r - a cursed ring of loudness (left hand)
 x - an uncursed ring of stealth
 y - an uncursed ring of magical power
 D - an uncursed ring of fire
 R - an uncursed ring of see invisible
 V - an amulet of the gourmand (around neck)
Scrolls
 m - a scroll of teleportation
 p - 2 scrolls of amnesia
 q - a scroll of fog
 B - 2 scrolls of blinking
 K - 3 scrolls of immolation
 M - 3 scrolls of magic mapping
 N - a scroll of remove curse
 Y - 2 scrolls of recharging {unknown}
Potions
 h - a potion of magic
 j - a potion of cure mutation
 v - a potion of brilliance
 w - a potion of lignification
 Z - a potion of might {unknown}
Comestibles
 f - 6 bread rations
 o - 4 meat rations
 G - 3 beef jerkies
 Q - 11 chunks of flesh
 U - 10 royal jellies
 W - 6 fruits


   Skills:
 - Level 5.8 Fighting
 - Level 2.6 Short Blades
 + Level 4.3 Staves
 - Level 10.5 Bows
 - Level 7.0 Armour
 - Level 5.0 Dodging
 - Level 5.2 Stealth


You had 9 spell levels left.
You didn't know any spells.

Dungeon Overview and Level Annotations

Branches:
Dungeon (10/15)            Temple (1/1) D:4             Orc (0/2) D:10
   Lair: D:8-11

Shops:
D:5 *   D:6 *

Annotations:
D:4 Grinder
D:6 momplestiltskin's ghost, novice HOGl
D:8 exclusion: orange crystal statue, badtown's ghost, novice DgAE
D:9 exclusion: oklob sapling


Innate Abilities, Weirdness & Mutations

You have an increased reservoir of magic (+10% MP).
Your attributes are resistant to harm.


Message History

The orc knight is heavily wounded.
The orc knight hits you from afar with a bardiche!!
* * * LOW HITPOINT WARNING * * *
You see here an arrow.
Drink which item? (? for menu, Esc to quit)
You feel yourself speed up.
You are very lightly contaminated with residual magic.
You see here an arrow.
An orc comes into view.
The orc shouts!
The orc moves out of view.
Something hits you.
* * * LOW HITPOINT WARNING * * *
Deactivating autopickup; reactivate with Ctrl-A.
The centaur shoots an arrow.
The arrow hits you but does no damage.
You see here an arrow.
Something hits you but does no damage.
Found 14 gold pieces and a scroll of blinking.
Something hits you!
You die...

.............................≈≈##
...###.......###..............≈≈#
....#.........#................≈≈
.#..#..#...#.$#..#......>.......#
.#######...#######...............
.# #...#. #$.#........>......
.... ....... #..................
...# .......###.................
##... ##.....@###.............
... #....Z...#.............#
#?.#.(#.$#..#....####..# ##
#..#######....# #..#
#..#..#..#..#(...## #..#
#..((....#...(....###..#
##......###..(..........
..o..###(....(###...### # ..c.K.
#..((.(..#(.((# #


You could see an orc and an adder skeleton.

Vanquished Creatures
  A hill giant (D:10)
  A troll (D:9)
  Sigmund (D:4)
  A wraith (D:10)
  16 yaks
  3 hippogriffs
  A hungry ghost (D:7)
  2 soldier ants (D:8)
  The ghost of richardnixon the Ruffian, an amateur VSMo (D:3)
  2 ice beasts
  An orc warrior (D:9)
  2 sky beasts
  2 phantoms
  3 wasps (D:8)
  A black bear (D:8)
  A necrophage (D:9)
  5 centaurs
  8 ogres
  A crocodile (D:9)
  3 giant frogs
  A water moccasin skeleton (D:10)
  4 killer bees
  2 scorpions
  2 howler monkeys
  2 crimson imps
  3 giant frog zombies
  9 hounds
  2 centaur zombies
  A jelly (D:10)
  11 orc priests
  A wasp zombie (D:7)
  Crazy Yiuf (D:4)
  10 orc wizards
  3 iguanas
  7 worker ants
  2 killer bee zombies
  A hound skeleton (D:6)
  A gnoll (D:1)
  16 adders
  3 shadow imps
  An adder zombie (D:6)
  2 adder skeletons
  2 worms (D:2)
  2 dart slugs
  9 giant geckos
  36 orcs
  3 ball pythons
  8 bats
  6 giant cockroaches
  6 goblins
  12 hobgoblins
  17 jackals
  11 kobolds
  3 quokkas
  2 giant gecko skeletons (D:4)
  5 giant newts
  10 rats
273 creatures vanquished.

Vanquished Creatures (others)
  A hippogriff (D:6)
1 creature vanquished.

Grand Total: 274 creatures vanquished

Notes
Turn   | Place    | Note
--------------------------------------------------------------
     0 | D:1      | FitzyFitz the Demigod Hunter began the quest for the Orb.
     0 | D:1      | Reached XP level 1. HP: 17/17 MP: 3/3
   327 | D:1      | Reached skill level 4 in Bows
   391 | D:1      | Reached XP level 2. HP: 7/24 MP: 4/4
  1280 | D:2      | Reached XP level 3. HP: 14/29 MP: 5/5
  1719 | D:2      | Reached skill level 5 in Bows
  1817 | D:2      | Found a sparkling altar of Nemelex Xobeh.
  1819 | D:2      | Found a radiant altar of Vehumet.
  1864 | D:2      | Reached XP level 4. HP: 24/36 MP: 6/6
  2958 | D:3      | Noticed richardnixon's ghost (amateur VSMo)
  3005 | D:3      | Killed richardnixon's ghost
  3005 | D:3      | Reached skill level 6 in Bows
  3005 | D:3      | Reached XP level 5. HP: 21/41 MP: 7/7
  3369 | D:3      | Noticed a phantom
  3413 | D:3      | Killed a phantom
  3413 | D:3      | Reached XP level 6. HP: 30/48 MP: 8/8
  3911 | D:4      | Noticed Sigmund
  3971 | D:4      | Killed Sigmund
  3971 | D:4      | Reached skill level 7 in Bows
  4401 | D:4      | Found a staircase to the Ecumenical Temple.
  4410 | Temple   | Entered the Ecumenical Temple
  4435 | D:4      | Got a translucent scale mail
  4529 | D:4      | Noticed Crazy Yiuf
  4536 | D:4      | Killed Crazy Yiuf
  4785 | D:4      | Reached skill level 8 in Bows
  4844 | D:4      | Reached XP level 7. HP: 53/53 MP: 9/9
  5169 | D:4      | Noticed Grinder
  5329 | D:5      | Entered Level 5 of the Dungeon
  5913 | D:5      | Found a stormy altar of Qazlal.
  5916 | D:5      | Found a basalt altar of Yredelemnul.
  5919 | D:5      | Found an iron altar of Okawaru.
  6094 | D:5      | Found Lobruy's General Store.
  6099 | D:5      | Bought a scroll of identify for 26 gold pieces
  6099 | D:5      | Identified the +4 scale mail "Uckut" {-Tele rN+ Int+5} (You found it on level 4 of the Dungeon)
  6286 | D:6      | Noticed momplestiltskin's ghost (novice HOGl)
  6498 | D:6      | Reached skill level 9 in Bows
  6947 | D:6      | Found an oddly glowing altar of Pakellas.
  6947 | D:6      | Noticed an orange crystal statue
  6948 | D:6      | Noticed a hippogriff
  6958 | D:6      | Killed a hippogriff
  7131 | D:6      | Reached XP level 8. HP: 52/60 MP: 10/10
  7286 | D:7      | Found a snail-covered altar of Cheibriados.
  7286 | D:7      | Found a glowing golden altar of the Shining One.
  7288 | D:7      | Found a shattered altar of Ashenzari.
  7288 | D:7      | Found an ancient bone altar of Kikubaaqudgha.
  7290 | D:7      | Found a burning altar of Makhleb.
  7290 | D:7      | Found an opulent altar of Gozag.
  7307 | D:7      | Reached skill level 10 in Bows
  7914 | D:7      | Reached skill level 1 in Stealth
  8524 | D:8      | Noticed badtown's ghost (novice DgAE)
  9319 | D:8      | Noticed an orange crystal statue
  9543 | D:6      | Reached XP level 9. HP: 69/70 MP: 11/11
  9604 | D:6      | Found Nietuq's General Store.
  9930 | D:6      | Bought a scroll of blinking for 82 gold pieces
  9930 | D:6      | Bought a potion of agility for 44 gold pieces
 10575 | D:8      | Reached skill level 5 in Fighting
 10758 | D:9      | Reached skill level 5 in Stealth
 10784 | D:9      | Reached skill level 5 in Dodging
 11000 | D:9      | Reached skill level 1 in Short Blades
 11711 | D:9      | Reached skill level 1 in Armour
 11727 | D:9      | Reached XP level 10. HP: 51/83 MP: 13/13
 12100 | D:9      | Reached skill level 5 in Armour
 12549 | D:10     | Entered Level 10 of the Dungeon
 12638 | D:10     | Noticed a hill giant
 12657 | D:10     | Killed a hill giant
 13202 | D:10     | Found a snail-covered altar of Cheibriados.
 13204 | D:10     | Noticed an orc knight
 13710 | D:10     | Found a staircase to the Orcish Mines.
 13811 | D:9      | HP: 4/83 [poisoned by a killer bee]
 13816 | D:9      | HP: 3/83 [poisoned by a killer bee]
 13823 | D:9      | HP: 3/83 [poisoned by a killer bee]
 13831 | D:9      | HP: 3/83 [poisoned by a killer bee]
 14391 | D:10     | Reached skill level 1 in Staves
 15523 | D:10     | Slain by an unseen horror

Skill      XL: |  1  2  3  4  5  6  7  8  9 10 |
---------------+-------------------------------+-----
Bows           | 4 5 6 8 9 10 | 10.5
Fighting       | 3 5 |  5.8
Dodging        | 3 5 |  5.0
Stealth        | 3 5 |  5.2
Short Blades   | 2 |  2.6
Armour         | 2 7 |  7.0
Staves         | 4 |  4.3

Action                   |  1- 3 |  4- 6 |  7- 9 | 10-12 || total
-------------------------+-------+-------+-------+-------++-------
Melee: Short sword       |   110 |   135 |    15 |       ||   260
       Dagger            |       |       |   305 |    96 ||   401
       Lajatang          |       |       |       |    57 ||    57
       Longbow           |       |       |       |     1 ||     1
 Fire: Shortbow          |    30 |    82 |   131 |    24 ||   267
       Hunting sling     |       |    45 |    80 |    10 ||   135
       Longbow           |       |       |       |   128 ||   128
Throw: Javelin           |       |       |       |     2 ||     2
  Use: Scroll            |     2 |     3 |     9 |     7 ||    21
       Potion            |       |     3 |     2 |     4 ||     9
 Stab: Sleeping          |     4 |     4 |    15 |       ||    23
       Distracted        |       |       |       |     1 ||     1
  Eat: Chunk             |     3 |     9 |    24 |    12 ||    48
       Royal jelly       |       |       |     1 |       ||     1
       Meat ration       |       |       |     2 |       ||     2
       Beef jerky        |       |       |     1 |       ||     1
Armor: Leather armour    |    55 |    31 |   105 |       ||   191
       Skin              |       |    26 |       |       ||    26
       Ring mail         |       |       |     7 |    70 ||    77
Dodge: Dodged            |   121 |    99 |   247 |   155 ||   622
